 Dungeon Crawl Stone Soup version 0.22.1-2-g9c5b331 (webtiles) character file.

30 Anon1729 the Skirmisher (level 3, -1/31 HPs)
             Began as a Gnoll Wanderer on Nov 14, 2018.
             Slain by a leopard gecko (4 damage)
             ... on level 1 of the Dungeon.
             The game lasted 00:01:48 (1298 turns).

Anon1729 the Skirmisher (Gnoll Wanderer)            Turns: 1298, Time: 00:01:48

Health: -1/31      AC:  2    Str: 15    XL:     3   Next: 20%
Magic:  3/3        EV: 13    Int: 13    God:
Gold:   21         SH:  0    Dex: 15    Spells: 3/3 levels left

rFire    x . .     SeeInvis .   f - +0 club
rCold    + . .     Gourm    .   (no shield)
rNeg     . . .     Faith    .   e - +0 robe
rPois    .         Spirit   .   (no helmet)
rElec    .         Reflect  .   (no cloak)
rCorr    .         Harm     .   (no gloves)
MR       .....                  (no boots)
Stlth    +++.......             (no amulet)
HPRegen  0.10/turn              o - ring of ice
MPRegen  0.08/turn              (no ring)

@: no status effects
A: distributed training, fangs 1, strong nose
a: no special abilities


You were on level 1 of the Dungeon.
You were not hungry.

You visited 1 branch of the dungeon, and saw 1 of its levels.

You collected 21 gold pieces.

Inventory:

Hand Weapons
 f - a +0 club (weapon)
 g - a +0 dagger
Missiles
 i - 24 stones (quivered)
 j - 15 sling bullets
 n - 22 arrows
 p - 7 javelins of penetration
 q - 17 bolts
Armour
 e - a +0 robe (worn)
Jewellery
 o - a ring of ice (left hand)
Scrolls
 b - a scroll of blinking
 d - a scroll of teleportation
 k - a scroll of identify {unknown}
 m - a scroll of random uselessness {unknown}
Potions
 a - a potion of haste
 c - a potion of curing
Comestibles
 h - 2 rations


   Skills:
 + Level 4.5 Fighting
 + Level 0.6 Short Blades
 + Level 0.6 Long Blades
 + Level 0.6 Axes
 + Level 0.6 Maces & Flails
 + Level 0.6 Polearms
 + Level 0.6 Staves
 + Level 0.6 Slings
 + Level 0.6 Bows
 + Level 2.5 Crossbows
 + Level 2.5 Throwing
 + Level 2.5 Armour
 + Level 2.5 Dodging
 + Level 4.1 Stealth
 + Level 2.5 Shields
 + Level 2.5 Unarmed Combat
 + Level 0.6 Spellcasting
 + Level 0.4 Conjurations
 + Level 0.4 Hexes
 + Level 0.4 Charms
 + Level 0.4 Summonings
 + Level 0.4 Necromancy
 + Level 0.4 Translocations
 + Level 0.4 Transmutations
 + Level 0.4 Fire Magic
 + Level 0.4 Ice Magic
 + Level 0.4 Air Magic
 + Level 0.4 Earth Magic
 + Level 0.4 Poison Magic
 + Level 0.8 Invocations
 + Level 0.6 Evocations


You had 3 spell levels left.
You didn't know any spells.
Your spell library was empty.

Dungeon Overview and Level Annotations

Branches:
Dungeon (1/15)

Altars:


Innate Abilities, Weirdness & Mutations

Your experience applies equally to all skills.
You have very sharp teeth.
Your uncanny sense of smell can sniff out nearby items.


Message History

* * * LOW HITPOINT WARNING * * *
You hit the jackal.
You kill the jackal!
The leopard gecko bites you.
* * * LOW HITPOINT WARNING * * *
You hit the leopard gecko.
The leopard gecko is severely wounded.
The leopard gecko barely misses you.
You barely miss the leopard gecko.
The leopard gecko is heavily wounded.
The leopard gecko closely misses you. x2
You hit the leopard gecko.
The leopard gecko is severely wounded.
The leopard gecko bites you.
* * * LOW HITPOINT WARNING * * *
You miss the leopard gecko.
The leopard gecko is severely wounded.
The leopard gecko completely misses you.
The leopard gecko bites you.
You die...

##)..## #.####
##.....## ....#
#.......## ##.#.#
.........####....#
.........+.......#
.........# #....#
#.......## ##.#.#
##.....## ###l#
##...## #@# ##'##
#.# #.# #.#
#.###########.#
##.#...........#
###....###########
#......# .......#
.......#


You could see a leopard gecko.

Vanquished Creatures
  A leopard gecko (D:1)
  2 giant cockroaches (D:1)
  5 goblins (D:1)
  6 hobgoblins (D:1)
  4 jackals (D:1)
  2 kobolds (D:1)
  3 bats (D:1)
  3 rats (D:1)
26 creatures vanquished.

Notes
Turn   | Place    | Note
-------+----------+-------------------------------------------
     0 | D:1      | Anon1729 the Gnoll Wanderer began the quest for the Orb.
     0 | D:1      | Anon1729 set off with: a potion of haste, a scroll of
                  | blinking, a potion of curing, a scroll of teleportation, a
                  | +0 robe, a +0 club, a +0 dagger, a ration
     0 | D:1      | Reached XP level 1. HP: 20/20 MP: 1/1
   371 | D:1      | Reached XP level 2. HP: 7/26 MP: 2/2
  1039 | D:1      | Reached XP level 3. HP: 31/31 MP: 3/3
  1298 | D:1      | Slain by a leopard gecko

Action                   || total
-------------------------++-------
Melee: Club              ||   115
       Bite              ||    13
       Punch             ||     2
 Stab: Sleeping          ||     7
  Eat: Chunk             ||     1
Armor: Robe              ||    21
Dodge: Dodged            ||   102
